 Dungeon Crawl Stone Soup version 0.25.1-2-g60ff931df9 (webtiles) character file.

Game seed: 1080853084852658336

218 Martska the Skirmisher (level 5, -26/50 HPs)
             Began as a Naga Fighter on Aug 14, 2020.
             Killed from afar by a worker ant (33 damage)
             ... with an exploding inner flame
             ... hexed by the player character
             ... on level 4 of the Dungeon.
             The game lasted 00:07:27 (2778 turns).

Martska the Skirmisher (Naga Fighter)               Turns: 2778, Time: 00:07:28

Health: -26/50     AC:  5    Str: 18    XL:     5   Next: 95%
Magic:  6/6        EV:  6    Int:  9    God:
Gold:   75         SH: 10    Dex: 11    Spells: 6/6 levels left

rFire    . . .     SeeInvis +   q - +0 spear
rCold    . . .     Gourm    .   c - +1 kite shield
rNeg     . . .     Faith    .   b - +0 scale mail
rPois    +         Spirit   .   (no helmet)
rElec    .         Reflect  .   (no cloak)
rCorr    .         Harm     .   (no gloves)
MR       +....                  (no barding)
Stlth    ..........             (no amulet)
HPRegen  0.16/turn              j - ring of protection from magic
MPRegen  0.10/turn              (no ring)

@: very slightly contaminated, very slow
A: large, see invisible, deformed body, poison resistance, slowness 2, slow
metabolism 1, spit poison 1, AC +1
a: Spit Poison


You were on level 4 of the Dungeon.
You were hungry.

You visited 1 branch of the dungeon, and saw 4 of its levels.

You collected 75 gold pieces.

Inventory:

Hand Weapons
 a - a +0 trident
 q - a +0 spear (weapon)
 y - a +2 flail of holy wrath
Armour
 b - a +0 scale mail (worn)
 c - a +1 kite shield (worn)
Jewellery
 j - a ring of protection from magic (left hand)
 t - a cursed -4 ring of protection {unknown}
Wands
 x - a wand of polymorph (5)
Scrolls
 h - 2 scrolls of identify
 k - a scroll of enchant armour
 l - a scroll of magic mapping
 o - a scroll of remove curse
 p - a scroll of immolation
Potions
 m - a potion of brilliance
 n - a potion of heal wounds
 r - a potion of cancellation {unknown}
Comestibles
 d - 9 chunks of flesh
 f - 5 rations


   Skills:
 * Level 4.1 Fighting
 * Level 3.3 Polearms
 + Level 2.8 Armour
 * Level 1.8 Dodging
 + Level 2.9 Shields
 + Level 1.1 Spellcasting


You had 6 spell levels left.
You didn't know any spells.
Your spell library was empty.

Dungeon Overview and Level Annotations

Branches:
Dungeon (4/15)             Temple (0/1) D:4

Altars:

Annotations:
D:3 Grinder


Innate Abilities, Weirdness & Mutations

You cannot wear boots.
Your serpentine skin is tough. (AC +1)
You have supernaturally acute eyesight. (SInv)
Armour fits poorly on your strangely shaped body.
Your system is resistant to poisons. (rPois)
You cover ground very slowly.
You have a slow metabolism.
You can spit poison.


Message History

Attack whom?
Press: ? - help, Dir - move target cursor, f/p - worker ant
Aim: a worker ant (severely wounded, inner flame)
You hit the worker ant.
Flame seeps out of the worker ant.
The worker ant is severely wounded.
The jackal bites you but does no damage.
The worker ant is engulfed in blazing flames.
The worker ant explodes!
The fiery explosion engulfs the orc!
The orc explodes!
The fiery explosion engulfs the jackal!!!
The jackal explodes!
The fiery explosion engulfs the jackal!!
The jackal explodes!
The fiery explosion engulfs you!!
Ouch! That really hurt!
* * * LOW HITPOINT WARNING * * *
The fiery explosion engulfs you!!
Ouch! That really hurt!
You die...

,*,,,,,,,*,,,,,,,,,,,,,*,,,*
,,,,,,*,**,,,,,*,,,....#,,**
,,,,,,,,*,,,,,,*,##%...#,,,*
,,,,,,,..,,,*,,,,......,,,**
,,,,,,,...,*##**,....#,,,**
,,,,,,<....##.###....##.,*
,,,,,,,....#..,.........**
,,,,,,,,#...[.##§.......,*
,,,,,,*##..§..#○@......$**
,,,,,,*......§§§###.####*
,,,,,,,.....§§§##**,,,*
,,,,**,.....§§§§#,,,,**
,,,***,.....#§§##*,,**
,,,,**,....,#...,,,**
,,,**,,...,,....*,**
,,,,,,,..,,...###**
,,,,,,,.,,*.).***


There were no monsters in sight!

Vanquished Creatures
  A crimson imp (D:3)
  Terence (D:3)
  4 gnolls (D:3)
  7 adders
  A worm (D:2)
  A leopard gecko (D:1)
  An orc (D:4)
  3 giant cockroaches
  4 goblins (D:1)
  4 hobgoblins
  10 jackals
  2 ball pythons (D:2)
  8 bats
  3 frilled lizards
  4 kobolds
  2 rats
56 creatures vanquished.

Notes
Turn   | Place    | Note
-------+----------+-------------------------------------------
     0 | D:1      | Martska the Naga Fighter began the quest for the Orb.
     0 | D:1      | Reached XP level 1. HP: 21/21 MP: 1/1
    92 | D:1      | Reached XP level 2. HP: 12/28 MP: 2/2
   880 | D:1      | Reached XP level 3. HP: 25/34 MP: 3/3
  1326 | D:2      | Reached skill level 1 in Dodging
  1624 | D:2      | Reached XP level 4. HP: 42/42 MP: 4/4
  2444 | D:3      | Noticed Terence
  2456 | D:3      | Killed Terence
  2456 | D:3      | Reached XP level 5. HP: 33/50 MP: 6/6
  2585 | D:3      | Reached skill level 1 in Spellcasting
  2590 | D:3      | Reached skill level 4 in Fighting
  2710 | D:3      | Noticed Grinder
  2723 | D:3      | HP: 2/50 [Grinder/nerve-wracking pain (8)]
  2778 | D:4      | Killed from afar by a worker ant

Illustrated notes

Levels and vault maps discovered:
D:1:      dpeg_arrival_line_fractal, layout_rooms,
          hangedman_abyss_or_decor_stabs
D:2:      layout_loops_ring, first_ration, minmay_snake_closets
D:3:      layout_basic, uniq_ijyb, uniq_grinder, uniq_terence
D:4:      layout_cave_pools, minmay_temple_entry_poolview

Skill      XL: |  1  2  3  4  5 |
---------------+----------------+-----
Dodging        | 1 |  1.8
Polearms       | 3 |  3.3
Spellcasting   | 1 |  1.1
Fighting       | 4 |  4.1
Armour         | |  2.8
Shields        | |  2.9

Action                   |  1- 3 |  4- 6 || total
-------------------------+-------+-------++-------
Melee: Trident           |   157 |    27 ||   184
       Spear             |       |    76 ||    76
 Abil: Spit Poison       |     7 |     6 ||    13
  Use: Scroll            |     3 |    10 ||    13
       Potion            |     1 |     5 ||     6
  Eat: Ration            |     1 |       ||     1
       Chunk             |     1 |       ||     1
Armor: Scale mail        |    77 |    50 ||   127
Dodge: Dodged            |    34 |    35 ||    69
Block: Kite shield       |    82 |    65 ||   147
